 Dungeon Crawl Stone Soup version 0.29-a0-551-gffc1d7fb78 (webtiles) character file.

Game seed: 13419900995472861658

62 vulpzor the Insei (level 4, -6/28 HPs)
             Began as an Octopode Transmuter on June 5, 2022.
             Was an Initiate of Cheibriados.
             Killed by divine providence
             ... invoked by an orc priest
              (11 damage)
             ... on level 3 of the Dungeon.
             The game lasted 00:10:07 (2385 turns).

vulpzor the Insei (Octopode Transmuter)             Turns: 2385, Time: 00:10:08

Health: -6/28      AC:  1    Str: 10      XL:     4   Next: 8%
Magic:  7/7        EV: 14    Int: 14 (16) God:    Cheibriados [......]
Gold:   45         SH:  0    Dex: 15      Spells: 6/7 levels left

rFire   . . .      SeeInvis .     - Unarmed
rCold   . . .      Faith    .   (no shield)
rNeg    . . .      Spirit   .   (helmet restricted)
rPois   .          Reflect  .   (no amulet)
rElec   .          Harm     .   (no ring)
rCorr   .          Rampage  .   (no ring)
Will    .....                   (no ring)
Stlth   +++.......              (no ring)
HPRegen 0.09/turn               (no ring)
MPRegen 0.10/turn               (no ring)
                                (no ring)
                                (no ring)

@: very slow
A: almost no armour, amphibious, 8 rings, camouflage 1, gelatinous body 1,
(nimble swimmer 1), tentacles
a: Renounce Religion


You were on level 3 of the Dungeon.
You worshipped Cheibriados.
Cheibriados was noncommittal.
You visited 1 branch of the dungeon, and saw 3 of its levels.

You collected 45 gold pieces.

Inventory:

Missiles
 i - 7 poisoned darts
Armour
 b - an orb of mayhem
Scrolls
 c - a scroll of identify
 f - a scroll of blinking
 g - a scroll of summoning {unknown}
 h - 2 scrolls of teleportation {unknown}
Potions
 a - a potion of lignification
 d - a potion of ambrosia {unknown}
 e - a potion of curing {unknown}
 j - a potion of cancellation {unknown}


   Skills:
 + Level 1.0 Fighting
 + Level 2.8 Dodging
 + Level 0.7 Stealth
 + Level 3.8 Unarmed Combat
 + Level 2.0 Spellcasting
 + Level 2.5 Transmutations


You had 6 spell levels left.
You knew the following spells:

 Your Spells              Type           Power      Damage    Failure   Level
a - Beastly Appendage     Tmut           16%        N/A       9%          1

Your spell library contained the following spells:

 Spells                   Type           Power      Damage    Failure   Level
 Wereblood                Tmut           8%         N/A       13%         2
 Spider Form              Tmut/Pois      4%         N/A       38%         3
 Portal Projectile        Hex/Tloc       2%         N/A       56%         3
 Tukima's Dance           Hex            1%         N/A       56%         3
 Ice Form                 Ice/Tmut       4%         N/A       80%         4
 Blade Hands              Tmut           4%         N/A       93%         5


Dungeon Overview and Level Annotations

Branches:
Dungeon (3/15)

Altars:
Cheibriados

Shops:
D:1 =


Innate Abilities, Weirdness & Mutations

You cannot wear most types of armour.
You are amphibious.
You can wear up to eight rings at the same time.
Your skin changes colour to match your surroundings (Stealth+).
Your rubbery body absorbs attacks. (AC +1, EV +1)
((You are camouflaged when in or above water. (Stealth+)))
You have tentacles for arms and can constrict up to eight enemies at once.


Message History

You see here 22 stones.
There is a stone staircase leading down here.
You climb downwards.
There is a stone staircase leading up here.
A kobold comes into view. It is wielding a +0 club.
The kobold shouts!
The kobold hits you with a +0 club. The kobold closely misses you.
You tentacle-slap the kobold. You grab the kobold.
Your squeeze misses the kobold.
The kobold is severely wounded.
You constrict the kobold, but do no damage.
The kobold closely misses you.
You tentacle-slap the kobold but do no damage.
The kobold is moderately wounded.
You constrict the kobold. The kobold hits you with a +0 club.
You completely miss the kobold. You squeeze the kobold.
You kill the kobold!
Cheibriados appreciates the change of pace.
You see here a +0 club.
HP restored. 3 orcs come into view.
The orc shouts! x2
An orc priest comes into view. It is wielding a +0 club.
The orc hits you with a +0 dagger.
You barely miss the orc. You grab the orc. You constrict the orc.
The orc hits you with a +0 dagger.
You tentacle-slap the orc.
You kill the orc!
Cheibriados appreciates the change of pace.
The orc misses you. The orc hits you with a +0 flail.
The orc priest calls down the wrath of Beogh upon you.
Beogh smites you!
* * * LOW HITPOINT WARNING * * *
You bludgeon the orc! You grab the orc. You squeeze the orc.
You kill the orc!
Cheibriados appreciates the change of pace.
Found 2 gold pieces.
The orc barely misses you.
The orc priest calls down the wrath of Beogh upon you.
Beogh smites you!
You die...

######..#
######..######.
................
######..####....
................
........########
.######.# #.#
#@# #$..oo...#
#........#
#........#
#........#
#........#
#.........
#........##


You could see an orc priest and an orc.

Vanquished Creatures
  2 adders (D:2)
  A dart slug (D:1)
  2 orcs (D:3)
  5 bats
  3 endoplasms
  2 giant cockroaches
  A goblin (D:2)
  4 hobgoblins
  3 jackals (D:1)
  3 quokkas
  A ball python (D:1)
  3 kobolds
  6 rats
36 creatures vanquished.

Vanquished Creatures (collateral kills)
  A goblin (D:2)
1 creature vanquished.

Vanquished Creatures (others)
  A fungus (D:1)
  2 plants (D:1)
3 creatures vanquished.

Grand Total: 40 creatures vanquished

Notes
Turn   | Place    | Note
-------+----------+-------------------------------------------
     0 | D:1      | vulpzor the Octopode Transmuter began the quest for the
                  | Orb.
     0 | D:1      | Reached XP level 1. HP: 13/13 MP: 3/3
   371 | D:1      | Reached XP level 2. HP: 18/18 MP: 5/5
   631 | D:1      | Found a faded altar of an unknown god.
   645 | D:1      | Prayed at the altar of an unknown god.
   645 | D:1      | Became a worshipper of Cheibriados the Contemplative
   645 | D:1      | Reached * piety under Cheibriados
   967 | D:1      | Found Zigo's Jewellery Emporium.
  1075 | D:1      | Was placed under penance by Cheibriados
  1532 | D:2      | Was forgiven by Cheibriados
  1533 | D:2      | Reached XP level 3. HP: 21/23 MP: 6/6
  1581 | D:2      | Was placed under penance by Cheibriados
  1621 | D:2      | Was forgiven by Cheibriados
  1754 | D:2      | Was placed under penance by Cheibriados
  1802 | D:2      | Was forgiven by Cheibriados
  2122 | D:2      | Reached XP level 4. HP: 19/28 MP: 7/7
  2385 | D:3      | Killed from afar by an orc priest

Illustrated notes

Levels and vault maps discovered:
D:1:      dpeg_arrival_arbitrary_a, layout_basic,
          dreamdust_ecumenical_altar_grove, serial_shops,
          nicolae_shop_advertising_works [nicolae_subvault_shop_adworks],
          roderic_serpentine_path
D:2:      layout_rooms
D:3:      layout_basic, nemelex_diamond_rough_becter

Action                   |  1- 3 |  4- 6 || total
-------------------------+-------+-------++-------
Melee: Unarmed           |    84 |     6 ||    90
       Constrict         |    26 |     3 ||    29
       Kick              |     3 |       ||     3
       Tentacles         |    15 |     2 ||    17
       Punch             |     2 |       ||     2
 Cast: Beastly Appendage |     1 |     1 ||     2
  Use: Scroll            |     1 |       ||     1
 Stab: Sleeping          |     5 |       ||     5
Armor: Skin              |    15 |       ||    15
Dodge: Dodged            |    76 |     4 ||    80

Table legend: (Time is in decaauts)
 A = Elapsed time spent in this place.
 B = Non-inter-level travel time spent in this place.
 C = Inter-level travel time spent in this place.
 D = Time resting spent in this place.
 E = Time spent auto-exploring this place.
 F = Levels seen in this place.
 G = Mean time per level.
                   A        B        C        D        E       F      G
               +--------+--------+--------+--------+--------+-----+--------+
         Total |   2758 |   2758 |      0 |    333 |   1324 |   3 |  919.3 |
       Dungeon |   2758 |   2758 |      0 |    333 |   1324 |   3 |  919.3 |
               +--------+--------+--------+--------+--------+-----+--------+

Top non-repeatable levels by time:
     D:1: 1744 daAuts
     D:2: 906 daAuts
     D:3: 107 daAuts
